Map: Pillars of Gold LE

Players

Hurricane

  • Race: Protoss Protoss
  • Spawn Location: 7:00

LiquidClem (Clem) - Winner!

  • Race: Terran Terran
  • League: Bronze
  • Spawn Location: 1:00

Event: War Chest Team League

VOD

Have the link to the VOD?

Description

Time

  • Played on: Aug. 7, 2020, 7:40 a.m.
  • Length: 26:12
Show
View Real Time Build Order
Export as new Build Order

Hurricane Protoss 

Build Orders: 1 Gate Expand, Blink Stalkers 

Get SALT Encoding   

  12  0:00  Probe  
  13  0:12  Probe  
  14  0:18  Pylon  
  14  0:24  Probe (Chrono Boost)  
  15  0:37  Probe (Chrono Boost)  
  15  0:39  Gateway  
  16  0:45  Probe (Chrono Boost)  
  16  0:49  Assimilator  
  17  0:51  Probe  
  18  1:03  Probe  
  19  1:15  Probe  
  20  1:26  Nexus  
  20  1:36  Cybernetics Core  
  20  1:39  Probe  
  21  1:45  Assimilator  
  21  1:51  Probe  
  22  1:55  Pylon  
  22  2:03  Probe  
  23  2:12  Adept (Chrono Boost)  
  23  2:15  Probe, Warp Gate  
  26  2:28  Probe  
  27  2:32  Twilight Council  
  26  2:40  Probe (Chrono Boost)  
  26  2:45  Probe (Chrono Boost)  
  26  2:47  Stalker  
  29  2:52  Probe (Chrono Boost)  
  29  2:56  Probe (Chrono Boost)  
  31  3:00  Probe (Chrono Boost)  
  31  3:02  Probe (Chrono Boost)  
  33  3:06  Probe  
  33  3:10  Blink (Chrono Boost)  
  33  3:11  Probe  
  35  3:18  Probe  
  36  3:23  Probe  
  37  3:28  Stalker  
  37  3:30  Probe  
  40  3:35  Probe, Gateway  
  41  3:43  Probe  
  41  3:45  Robotics Facility  
  42  3:50  Probe, Pylon  
  42  3:55  Probe  
  44  3:58  Assimilator  
  44  4:05  Probe  
  44  4:07  Probe  
  46  4:10  Sentry  
  46  4:16  Pylon  
  48  4:17  Probe  
  48  4:22  Nexus  
  48  4:23  Phoenix  
  49  4:29  Probe  
  49  4:30  Stalker  
  52  4:37  Probe  
  52  4:41  Probe, Stalker, Observer  
  56  4:49  Probe  
  56  4:52  Pylon, Forge  
  57  4:54  Probe  
  57  4:57  Pylon  
  58  5:01  Probe  
  58  5:03  Charge (Chrono Boost)  
  58  5:04  Observer  
  60  5:07  Stalker  
  60  5:12  Probe  
  63  5:18  Gateway  
  63  5:19  Gateway  
  63  5:24  Gateway  
  67  5:28  Immortal  
  67  5:30  Protoss Ground Weapons Level 1  
  67  5:35  Sentry x2  
  69  5:37  Gateway  
  71  5:44  Probe x2  
  71  5:46  Probe  
  71  5:48  Gateway  
  74  5:55  Gateway  
  74  5:57  Pylon  
  74  5:59  Observer  
  74  6:01  Stalker  
  76  6:08  Probe  
  76  6:10  Probe x2  
  78  6:14  Immortal (Chrono Boost)  
  78  6:15  Stalker  
  84  6:26  Probe x3  
  84  6:29  Shield Battery  
  84  6:31  Sentry  
  89  6:39  Zealot x2  
  93  6:40  Zealot x3  
  93  6:44  Zealot  
  101  6:53  Pylon  
  101  6:55  Pylon  
  101  7:01  Zealot  
  101  7:07  Zealot x3  
  93  7:12  Zealot x4  
  99  7:18  Immortal  
  103  7:23  Probe x3  
  103  7:25  Assimilator x2  
  106  7:30  Observer  
  106  7:31  Templar Archives  
  106  7:35  Protoss Ground Armor Level 1 (Chrono Boost)  
  104  7:37  Probe  
  104  7:38  Probe x2  
  104  7:39  Stalker  
  104  7:40  Stalker x2  
  111  7:46  Assimilator  
  111  7:50  Probe x2, Pylon  
  113  7:55  Probe  
  114  7:59  Warp Prism  
  114  8:02  Probe  
  117  8:07  Pylon  
  117  8:13  Zealot x3, Psionic Storm  
  117  8:14  Zealot  
  117  8:19  Pylon  
  125  8:21  Pylon  
  125  8:25  High Templar  
  125  8:26  High Templar x2  
  131  8:31  Pylon  
  130  8:39  High Templar  
  132  8:42  Zealot x4  
  140  8:57  Robotics Bay  
  140  9:00  Forge  
  140  9:05  High Templar x2  
  140  9:06  Stalker, Zealot  
  140  9:07  Zealot x3  
  154  9:11  Nexus  
  154  9:13  Observer (Chrono Boost)  
  154  9:16  Pylon  
  155  9:18  Pylon, Protoss Ground Weapons Level 2 (Chrono Boost)  
  155  9:23  Protoss Ground Armor Level 2 (Chrono Boost)  
  155  9:27  Probe x2  
  155  9:29  Pylon  
  157  9:34  Probe  
  157  9:44  Colossus (Chrono Boost)  
  155  9:49  Extended Thermal Lance  
  160  9:54  Assimilator  
  160  9:55  Probe x2  
  162  10:00  Assimilator  
  162  10:04  Photon Cannon  
  162  10:06  Shield Battery, Zealot x2  
  162  10:07  Zealot x3  
  170  10:09  Zealot  
  162  10:29  Zealot x7  
  168  10:36  Colossus (Chrono Boost)  
  168  10:47  Zealot  
  156  10:51  Stalker  
  156  10:52  Stalker, Zealot x5  
  156  10:56  Probe  
  171  11:01  Probe  
  147  11:13  Archon  
  147  11:14  Archon, Zealot x4  
  147  11:15  Zealot x4  
  157  11:25  Gateway  
  155  11:27  Gateway  
  155  11:28  Gateway  
  139  11:34  Protoss Ground Weapons Level 3 (Chrono Boost)  
  139  11:40  Stalker x6  
  139  11:41  High Templar x2  
  139  11:43  Assimilator  
  139  11:45  Probe x3  
  158  11:48  Shield Battery  
  158  12:05  Zealot x3  
  158  12:06  Zealot x2  
  154  12:10  Zealot  
  154  12:13  Protoss Shields Level 1 (Chrono Boost), Archon  
  144  12:16  Zealot  
  144  12:17  Zealot  
  146  12:23  Warp Prism  
  146  12:24  Zealot x3  
  154  12:30  High Templar x4  
  154  12:31  High Templar x2  
  154  12:34  Archon  
  154  12:35  Archon x2  
  160  12:38  Zealot x2  
  138  12:55  Stalker x2  
  138  12:56  Stalker x5  
  140  13:01  Colossus (Chrono Boost)  
  144  13:11  Zealot x3  
  144  13:12  Zealot  
  126  13:18  High Templar x3  
  126  13:19  Zealot x3, High Templar  
  140  13:25  Robotics Facility  
  140  13:38  Sentry, High Templar x2  
  140  13:39  Zealot x3  
  140  13:40  Stalker  
  154  13:55  Pylon  
  154  13:56  Dark Shrine  
  154  13:58  Nexus  
  154  14:00  Zealot, High Templar x2  
  154  14:01  Zealot x2  
  164  14:06  Probe  
  164  14:09  Archon  
  165  14:15  High Templar x2  
  167  14:30  Archon  
  153  14:32  Zealot x3  
  153  14:35  Zealot x4  
  153  14:36  Zealot x2  
  151  14:46  Disruptor (Chrono Boost)  
  151  14:49  Zealot x2  
  159  14:55  Disruptor (Chrono Boost)  
  159  14:58  High Templar x2  
  151  15:03  Zealot x5, High Templar x2  
  165  15:09  Probe x2  
  165  15:10  Probe  
  165  15:11  Shadow Stride, Protoss Ground Armor Level 3  
  168  15:16  Zealot  
  168  15:17  Zealot, Archon  
  160  15:41  Archon  
  154  15:43  Stalker x4  
  154  15:44  Sentry, Zealot x6  
  154  15:49  Disruptor x2  
  164  16:02  Probe x5  
  164  16:03  Photon Cannon  
  165  16:07  Zealot x6  
  165  16:08  Zealot  
  165  16:10  Zealot  
  181  16:14  High Templar x2  
  185  16:19  Zealot  
  185  16:25  Observer x2  
  188  16:27  Photon Cannon  
  188  16:35  Zealot x3  
  170  16:53  Probe  
  170  16:54  Probe x2  
  156  17:00  Zealot  
  156  17:01  Zealot x3  
  162  17:06  Probe x2  
  156  17:11  Probe x3  
  151  17:18  Probe  
  151  17:19  Probe  
  153  17:26  High Templar x5  
  153  17:27  High Templar  
  165  17:31  Archon  
  165  17:32  Archon x2  
  153  17:52  Zealot x5  
  153  17:58  Archon  
  153  18:04  Zealot x6  
  84  18:17  Nexus  
  84  18:20  Disruptor x2 (Chrono Boost)  
  88  18:35  High Templar x2  
  88  18:36  Sentry, Zealot x4  
  99  18:43  Zealot  
  99  18:44  Zealot  
  99  18:46  Dark Templar  
  104  18:51  Stalker  
  106  18:57  Observer  
  106  19:01  High Templar  
  108  19:07  Dark Templar  
  106  19:12  Probe x3  
  107  19:24  Disruptor  
  105  19:29  Assimilator  
  105  19:30  Assimilator  
  107  19:31  Zealot x2  
  107  19:32  Zealot x4  
  107  19:36  Dark Templar  
  121  19:41  Observer  
  100  20:10  Archon, Disruptor x2  
  100  20:12  Zealot x3  
  100  20:13  Zealot x4  
  116  20:17  Stalker  
  116  20:18  Zealot x3  
  108  20:35  Zealot x6  
  97  20:45  Zealot x5  
  85  20:56  Zealot x2  
  85  20:57  Zealot x2  
  91  20:59  High Templar  
  91  21:01  Dark Templar  
  85  21:09  Archon  
  83  21:22  Nexus  
  83  21:23  Zealot  
  82  21:28  Dark Templar x2  
  86  21:33  High Templar  
  86  21:36  Pylon  
  86  21:49  Disruptor (Chrono Boost)  
  87  21:57  High Templar  
  87  21:58  Zealot x7  
  104  22:08  Observer (Chrono Boost)  
  104  22:11  Pylon  
  104  22:12  Dark Templar  
  79  22:41  Disruptor (Chrono Boost)  
  78  22:49  Zealot x6  
  78  22:50  Sentry, Zealot x2  
  96  22:55  Zealot x2  
  97  23:10  Dark Templar x3  
  97  23:11  Zealot x4  
  109  23:18  Zealot x3  
  113  23:21  Disruptor (Chrono Boost)  
  103  23:49  Disruptor  
  102  24:01  High Templar  
  96  24:03  Zealot x3, High Templar  
  96  24:06  Nexus  
  104  24:10  Zealot  
  106  24:17  Zealot x2  
  110  24:28  Zealot  
  110  24:29  Zealot x2  
  114  24:38  Zealot x3  
  104  24:57  Zealot  
  104  24:59  High Templar x2  
  103  25:19  High Templar x2  
  91  25:23  Archon  
  91  25:26  Archon  
  68  25:46  Zealot x2  
  68  25:47  Zealot x2  
Show
View Real Time Build Order
Export as new Build Order

LiquidClem Terran - Winner!

Build Orders: Reaper Expand 

Get SALT Encoding   

  12  0:00  SCV  
  13  0:12  SCV  
  14  0:17  Supply Depot  
  14  0:24  SCV  
  15  0:39  SCV  
  15  0:41  Barracks  
  16  0:44  Refinery  
  16  0:51  SCV  
  17  1:03  SCV  
  18  1:15  SCV  
  19  1:27  Reaper  
  19  1:28  Orbital Command  
  20  1:44  Command Center  
  20  1:52  Supply Depot  
  20  1:56  SCV  
  21  2:01  Marine  
  21  2:08  SCV  
  23  2:13  Factory  
  23  2:20  SCV  
  23  2:22  Refinery  
  24  2:23  Barracks Reactor  
  24  2:32  SCV  
  25  2:44  SCV  
  26  2:58  Hellion, Orbital Command, Starport  
  28  3:00  SCV, Marine  
  28  3:03  Marine  
  31  3:12  SCV  
  32  3:19  Factory Tech Lab  
  32  3:20  Marine x2  
  32  3:24  SCV  
  32  3:25  SCV  
  36  3:32  Supply Depot  
  36  3:36  SCV  
  36  3:37  SCV  
  38  3:43  Raven, Factory Tech Lab  
  38  3:44  Marine x2  
  42  3:48  SCV  
  42  3:49  SCV  
  42  3:51  Barracks  
  44  3:57  Barracks  
  44  4:01  SCV x2  
  46  4:05  Siege Tank  
  46  4:09  Supply Depot  
  49  4:13  SCV x2  
  49  4:14  Marine  
  49  4:16  Marine  
  53  4:24  Engineering Bay  
  53  4:25  SCV  
  53  4:29  Refinery  
  55  4:31  SCV  
  55  4:33  Marine  
  55  4:34  Marine  
  55  4:37  SCV  
  58  4:41  Starport Reactor  
  58  4:43  SCV  
  59  4:48  Supply Depot, Factory Tech Lab  
  59  4:49  SCV, Stimpack  
  59  4:52  Marauder  
  62  4:53  Marine  
  62  4:54  Marine  
  62  4:55  SCV  
  62  4:58  Terran Infantry Weapons Level 1  
  65  5:02  Marauder  
  65  5:03  SCV  
  68  5:07  SCV  
  68  5:10  Supply Depot  
  68  5:11  Combat Shield  
  69  5:15  Marauder  
  71  5:24  SCV, Marauder, Refinery  
  71  5:25  Supply Depot, Marine  
  71  5:28  SCV  
  76  5:33  Siege Tank  
  79  5:38  Supply Depot  
  79  5:39  Marine x2  
  81  5:45  Marauder  
  81  5:47  Supply Depot, Marine  
  84  5:50  Supply Depot  
  84  5:57  Medivac x2  
  84  5:58  Marine  
  84  6:03  Supply Depot  
  89  6:04  Marauder  
  89  6:11  Marauder, Marine  
  93  6:15  Siege Tank  
  94  6:19  Marine  
  95  6:29  Command Center  
  95  6:33  Supply Depot  
  95  6:34  Marine  
  95  6:35  Marauder  
  95  6:37  Concussive Shells  
  95  6:38  Marauder  
  100  6:41  Marine  
  100  6:43  Medivac  
  100  6:47  Medivac  
  105  6:50  Supply Depot  
  105  6:52  Terran Infantry Armor Level 1  
  105  6:55  Marine  
  105  6:57  Marauder  
  105  6:58  SCV x2  
  109  7:05  Marauder  
  109  7:08  Marine  
  100  7:11  SCV, Siege Tank  
  100  7:14  Marine  
  105  7:21  Marauder, Barracks  
  105  7:22  Barracks  
  107  7:25  SCV x2  
  107  7:29  Marine  
  106  7:30  Marauder  
  106  7:33  Medivac x2  
  106  7:34  Marine  
  106  7:43  SCV x2  
  108  7:47  Marauder  
  108  7:48  Marine  
  108  7:49  Siege Tank  
  116  7:51  Marauder  
  116  7:55  SCV, Marine  
  118  8:02  Orbital Command  
  118  8:04  SCV  
  119  8:07  SCV  
  119  8:09  Marauder  
  119  8:11  Barracks Reactor  
  120  8:12  Barracks Reactor  
  120  8:14  Barracks Tech Lab  
  120  8:15  Marine x2  
  120  8:19  SCV x2, Marauder  
  126  8:22  Siege Tank  
  129  8:27  SCV  
  129  8:30  Marauder  
  129  8:31  SCV  
  129  8:34  Missile Turret, Ghost Academy  
  133  8:35  Marine x2  
  133  8:39  SCV  
  133  8:40  Marauder, Refinery x2  
  138  8:42  SCV  
  138  8:43  SCV  
  138  8:48  Supply Depot  
  140  8:49  Marine x2  
  140  8:51  Marauder x2  
  146  8:56  Armory  
  146  8:59  Engineering Bay, Marine x2  
  147  9:12  Command Center  
  147  9:13  Marine  
  147  9:14  Marine  
  154  9:27  Supply Depot  
  154  9:30  Marine x2  
  156  9:32  Siege Tank  
  156  9:38  Liberator x2  
  159  9:42  Supply Depot  
  159  9:44  Unknown, Supply Depot  
  159  9:45  Unknown  
  165  9:48  Marine x2  
  165  9:49  Unknown, Marauder  
  165  9:52  Supply Depot  
  169  9:55  Marine x2  
  169  9:57  Marauder  
  172  10:00  Marauder  
  172  10:01  SCV  
  172  10:03  SCV x2  
  172  10:06  Terran Infantry Weapons Level 2  
  169  10:11  Terran Infantry Armor Level 2  
  169  10:13  SCV  
  169  10:16  Marine  
  169  10:17  Marauder  
  169  10:18  Marine x2  
  174  10:23  Marauder  
  174  10:25  Marauder  
  175  10:30  SCV  
  175  10:32  SCV  
  165  10:36  SCV  
  165  10:38  Marauder  
  165  10:39  Medivac  
  165  10:41  Marine x2  
  171  10:45  SCV  
  171  10:49  Marine x2  
  171  10:50  SCV  
  171  10:54  Siege Tank  
  171  10:56  Marine  
  175  10:58  SCV  
  175  11:00  Marine  
  176  11:07  Marine  
  176  11:09  Marauder  
  165  11:12  SCV, Marine x2  
  165  11:13  SCV x2  
  165  11:15  Marauder  
  172  11:22  Planetary Fortress  
  172  11:24  Marine  
  172  11:25  SCV x3  
  174  11:27  Marauder  
  174  11:29  Marine  
  174  11:31  Marauder  
  164  11:34  Marine  
  164  11:37  SCV x3  
  164  11:39  Marauder  
  170  11:45  Viking  
  172  11:47  Viking  
  172  11:49  SCV, Marauder  
  172  11:53  Marine  
  172  11:54  Marauder, Marine x3  
  179  11:58  Missile Turret  
  185  12:05  SCV  
  185  12:06  SCV x2  
  170  12:09  Marine  
  170  12:12  SCV  
  147  12:15  Marine x2  
  147  12:16  Marauder  
  145  12:24  Command Center, Marine  
  145  12:25  Viking, Siege Tank  
  145  12:26  Viking  
  145  12:28  Marauder  
  145  12:29  Unknown, Marauder  
  154  12:34  Marine x2  
  154  12:36  Marine  
  154  12:41  Marine  
  157  12:50  Marine  
  157  12:51  SCV x2  
  149  12:52  SCV, Marine x2  
  149  12:54  Marine  
  149  12:55  Medivac  
  149  12:57  Siege Tank  
  158  13:03  Marine  
  155  13:05  Unknown  
  155  13:06  Marauder  
  155  13:08  Marauder  
  155  13:09  Marine  
  137  13:12  Marine  
  137  13:14  Viking  
  137  13:17  Unknown  
  137  13:18  Marauder, Marine  
  138  13:20  Terran Infantry Weapons Level 3  
  138  13:24  Refinery  
  138  13:26  Refinery  
  138  13:27  Marauder  
  138  13:28  Barracks  
  138  13:29  Marine x2  
  138  13:30  Marauder, Barracks  
  144  13:36  Siege Tank  
  144  13:37  Marine  
  144  13:39  Marauder  
  150  13:42  SCV x4  
  150  13:45  Marine  
  150  13:47  Marine  
  156  13:49  Terran Infantry Armor Level 3, Marauder  
  156  13:51  Marine  
  156  13:54  SCV x2, Marauder  
  163  13:55  Marine  
  164  14:04  Marauder, Sensor Tower  
  164  14:05  Marine  
  164  14:09  Widow Mine  
  168  14:10  Marauder  
  168  14:13  Viking  
  172  14:19  Marine x3  
  172  14:21  SCV  
  172  14:25  Marauder x2  
  167  14:31  Marauder  
  167  14:34  Marine  
  163  14:40  Barracks Tech Lab x2  
  163  14:42  Widow Mine  
  156  14:45  Planetary Fortress  
  156  14:46  Marauder  
  156  14:47  Marauder  
  156  14:49  Marine x2  
  159  14:53  Marauder  
  159  15:02  Marine  
  159  15:03  Refinery  
  159  15:04  Marauder  
  159  15:05  Refinery  
  162  15:07  Marauder  
  162  15:10  Marine x3  
  162  15:14  Siege Tank  
  170  15:20  Viking  
  170  15:21  Viking  
  174  15:23  Marauder, Marine x2  
  174  15:27  Marauder, Marine  
  179  15:31  Marauder  
  179  15:32  Marine  
  166  15:40  Marine  
  166  15:41  Marauder, Marine  
  155  15:45  Marauder, Marine  
  155  15:49  Marauder  
  161  15:50  Medivac, Marine  
  161  15:52  Marine  
  163  15:58  Marine  
  163  16:02  Marauder  
  166  16:05  Marine x2  
  166  16:10  Marauder, Marine x2  
  174  16:12  Unknown  
  174  16:13  Siege Tank  
  174  16:16  Marine  
  178  16:21  Marine  
  178  16:23  Marine  
  178  16:24  Marauder, Marine  
  183  16:26  Enhanced Shockwaves  
  183  16:29  Marauder  
  187  16:35  Unknown  
  187  16:36  Marine  
  190  16:45  Marine x2  
  190  16:46  Marauder  
  178  16:47  Marine  
  178  16:50  Marauder  
  178  16:52  Medivac  
  181  16:54  Marine  
  181  16:55  SCV x2  
  181  16:56  SCV  
  181  17:00  Unknown  
  184  17:03  Unknown  
  184  17:06  Missile Turret  
  184  17:07  Marine x2  
  184  17:08  Marauder x3  
  190  17:12  Unknown, Marauder  
  191  17:19  Marauder  
  193  17:25  Marine x2  
  193  17:29  Marauder x3  
  199  17:31  Viking  
  200  17:37  Orbital Command  
  200  17:43  Marauder  
  188  17:54  Marine x2  
  188  17:55  Marauder  
  188  17:57  Marauder  
  190  17:58  Marine  
  190  18:03  Marauder, Marine  
  190  18:04  Marine  
  156  18:12  Marine x2  
  142  18:16  Marauder, Marine  
  142  18:18  Marauder  
  133  18:20  Unknown  
  133  18:21  Marauder, Marine  
  133  18:22  Marauder  
  133  18:24  Siege Tank  
  133  18:26  Medivac  
  137  18:28  Marine  
  137  18:33  Marine x2  
  134  18:36  Marine  
  134  18:38  Marauder  
  134  18:39  Marauder  
  139  18:42  Marine  
  139  18:45  Refinery  
  139  18:46  Command Center  
  142  18:51  Marauder x2  
  146  18:55  Marine x2  
  146  18:59  Marauder  
  146  19:01  Marauder  
  146  19:02  SCV x4  
  153  19:05  Marine  
  153  19:06  Marine  
  155  19:10  Unknown, Missile Turret  
  155  19:11  Missile Turret, Marauder  
  159  19:20  Refinery  
  161  19:30  Marine x4  
  167  19:34  Siege Tank  
  170  19:40  Terran Vehicle Weapons Level 1  
  170  19:42  Unknown  
  170  19:44  Marauder  
  172  19:46  Marauder, Marine  
  172  19:48  Marine x2  
  172  19:50  Unknown  
  172  19:54  Marauder  
  172  19:56  Unknown, Marauder  
  163  20:00  SCV x2  
  163  20:04  Marauder  
  147  20:10  Marine x2  
  151  20:14  Marine x2  
  151  20:16  Marauder  
  151  20:19  Siege Tank  
  157  20:23  SCV  
  157  20:25  SCV, Marauder  
  153  20:30  SCV  
  153  20:31  Marauder  
  153  20:33  Marauder  
  151  20:37  SCV, Unknown  
  151  20:38  SCV x2  
  145  20:43  Marine x3  
  145  20:45  Marine  
  145  20:47  SCV  
  145  20:49  SCV  
  131  20:52  Marine x2  
  131  20:57  Marauder  
  130  21:00  SCV x2  
  128  21:05  Medivac  
  128  21:07  Medivac  
  130  21:12  Orbital Command  
  130  21:13  SCV  
  130  21:16  SCV  
  130  21:18  SCV x2  
  133  21:23  Missile Turret  
  132  21:26  SCV  
  133  21:35  Marine x4  
  133  21:39  SCV  
  139  21:40  SCV  
  142  21:48  Missile Turret  
  141  21:58  Marauder x2  
  141  22:00  Marine x2  
  141  22:01  Marine x2  
  149  22:05  SCV, Unknown  
  150  22:09  Missile Turret  
  150  22:12  SCV  
  150  22:13  Unknown, Bunker, Marine x3  
  154  22:16  Siege Tank  
  154  22:19  Marauder x2  
  161  22:27  Marine x2  
  156  22:31  Marauder x2  
  156  22:33  Marine  
  156  22:36  Marine  
  156  22:38  SCV x3  
  156  22:39  SCV  
  156  22:41  SCV, Marauder x2  
  161  22:50  SCV x2  
  161  22:51  Medivac  
  164  22:53  Marauder  
  164  22:57  Marauder, Marine  
  168  23:01  Unknown  
  168  23:04  SCV, Missile Turret  
  169  23:06  SCV x2  
  169  23:09  SCV  
  172  23:15  Marine  
  172  23:16  Marine  
  172  23:18  Medivac  
  174  23:24  SCV  
  177  23:29  Marine x2  
  177  23:30  Marauder x2  
  179  23:37  Marauder x2, Marine x2  
  166  23:44  Marauder  
  166  23:47  Orbital Command  
  161  23:51  Marauder x2  
  168  24:16  Marauder  
  170  24:20  SCV, Medivac x2  
  170  24:21  SCV  
  170  24:22  SCV  
  177  24:30  Unknown  
  179  24:32  Marauder  
  179  24:34  Unknown  
  168  24:56  Unknown  
  168  24:58  Widow Mine  
  165  25:07  Unknown  
  165  25:08  Unknown, Marauder x2  
  165  25:11  Unknown  
  159  25:18  Medivac  
  141  25:22  Unknown  
  141  25:25  Unknown  
  140  25:29  Medivac  
Tags
 
Add a new tag
Caveats
  • Supply blocks, unpowered buildings, or Contaminate may cause inaccurate times.
  • Supply counts are checked every 10 seconds.